PIO (24 & UNDER)
SEATTLE RAINIERS @ EAU CLAIRE ESQUIRES
05/05/2023
 
TOP OF THE 1ST
Seattle Rainiers batting - Pitching for Eau Claire Esquires : RHP Nick Parks
Pitching: RHP Nick Parks
Batting: RHB Aaron Holt 0-0: Hit by Pitch
Batting: RHB Pedro Rodríguez 0-0: Foul Ball, location: 2F
0-1: Ball
1-1: Swinging Strike
1-2: Ball
2-2: Foul Ball, location: 2F
2-2: Strikes out swinging
Batting: LHB Brian Boone 0-0: Ball
1-0: Ball
Aaron Holt steals 2nd base
2-0: Called Strike
2-1: Foul Ball, location: 2F
2-2: Reached on error, E6 (Groundball, 6)
Aaron Holt scores
Batting: SHB Glenn Vadnais 0-0: Ball
1-0: Ball
2-0: Swinging Strike
2-1: Called Strike
2-2: Foul Ball, location: 2F
2-2: Fly out, F2 (Popup, 2LF)
Batting: RHB Chris Parker 0-0: Called Strike
0-1: Swinging Strike
0-2: Ball
1-2: Foul Ball, location: 2F
1-2: Fly out, F9 (Flyball, 9M)
Top of the 1st over - 1 run(s), 0 hit(s), 1 error(s), 1 left on base; Seattle 1 - Eau Claire 0
BOTTOM OF THE 1ST
Eau Claire Esquires batting - Pitching for Seattle Rainiers : RHP Jaime Espinoza
Pitching: RHP Jaime Espinoza
Batting: RHB Tony Quinn 0-0: Ball
1-0: Called Strike
1-1: Foul Ball, location: 2F
1-2: DOUBLE (Line Drive, 5D)
Batting: RHB Carlos Rea 0-0: Ball
1-0: Called Strike
1-1: Ball
2-1: Called Strike
2-2: Fly out, F8 (Flyball, 8LM)
Batting: LHB Dave Gray 0-0: Called Strike
0-1: Ball
1-1: Ball
2-1: Ball
3-1: Base on Balls
Batting: LHB Eric Peterson 0-0: SINGLE (Groundball, 4M)
Tony Quinn to third
Dave Gray to second
Runner from 3rd tries for Home, SAFE, no throw or cutoff
Batting: RHB Miguel Hernández 0-0: Ball
1-0: SINGLE (Line Drive, 89M)
Dave Gray to third
Eric Peterson to second
Batting: LHB Edwin Ryan 0-0: Called Strike
0-1: Ball
1-1: Ball
2-1: Ball
3-1: DOUBLE (Groundball, 5L)
Dave Gray scores
Eric Peterson scores
Miguel Hernández to third
Batting: RHB Nobuharu Hoshino 0-0: Called Strike
0-1: Ball
1-1: Ground out 4-3 (Groundball, 4)
Miguel Hernández scores
Edwin Ryan to third
Batting: LHB Alfredo González 0-0: Ball
1-0: Ground out 6-3 (Groundball, 6)
Bottom of the 1st over - 4 run(s), 4 hit(s), 0 error(s), 1 left on base; Seattle 1 - Eau Claire 4
TOP OF THE 2ND
Seattle Rainiers batting - Pitching for Eau Claire Esquires : RHP Nick Parks
Batting: LHB Norbert Mosley 0-0: Foul Ball, location: 2F
0-1: Foul Ball, location: 2F
0-2: Foul Ball, location: 2F
0-2: Ball
1-2: SINGLE (Line Drive, 34D)
Batting: RHB José Gómez 0-0: Called Strike
Throwing error on steal attempt, E2
Norbert Mosley to third
0-1: Foul Ball, location: 2F
0-2: Strikes out swinging
Batting: SHB Francisco Lópes 0-0: Swinging Strike
0-1: Ball
1-1: SINGLE (Groundball, 34D)
Norbert Mosley scores
Batting: RHB Bill Dawson Pickoff Throw to First - Error! E1
Francisco Lópes to second
0-0: Foul Ball, location: 2F
0-1: Swinging Strike
0-2: Strikes out looking
Batting: RHB Aaron Holt 0-0: Called Strike
0-1: Ball
1-1: Swinging Strike
1-2: Foul Ball, location: 2F
1-2: Ball
2-2: Fly out, F8 (Flyball, 8LD)
Top of the 2nd over - 1 run(s), 2 hit(s), 2 error(s), 1 left on base; Seattle 2 - Eau Claire 4
BOTTOM OF THE 2ND
Eau Claire Esquires batting - Pitching for Seattle Rainiers : RHP Jaime Espinoza
Batting: RHB Seiji Kouno 0-0: Called Strike
0-1: Ball
1-1: Ball
2-1: Ground out 6-3 (Groundball, 6M)
Batting: RHB Tony Quinn 0-0: Ground out 4-3 (Groundball, 4)
Batting: RHB Carlos Rea 0-0: Ball
1-0: Ball
2-0: Ground out 6-3 (Groundball, 6)
Bottom of the 2nd over - 0 run(s), 0 hit(s), 0 error(s), 0 left on base; Seattle 2 - Eau Claire 4
TOP OF THE 3RD
Seattle Rainiers batting - Pitching for Eau Claire Esquires : RHP Nick Parks
Batting: RHB Pedro Rodríguez 0-0: Fly out, F3 (Popup, 3DF)
Batting: LHB Brian Boone 0-0: Called Strike
0-1: Swinging Strike
0-2: Ball
1-2: Strikes out swinging
Batting: SHB Glenn Vadnais 0-0: Called Strike
0-1: Ball
1-1: Ground out 4-3 (Groundball, 4)
Top of the 3rd over - 0 run(s), 0 hit(s), 0 error(s), 0 left on base; Seattle 2 - Eau Claire 4
BOTTOM OF THE 3RD
Eau Claire Esquires batting - Pitching for Seattle Rainiers : RHP Jaime Espinoza
Batting: LHB Dave Gray 0-0: Ball
1-0: SINGLE (Groundball, 56S) (infield hit)
Batting: LHB Eric Peterson 0-0: Ball
1-0: Fly out, F9 (Flyball, 9M)
Batting: RHB Miguel Hernández 0-0: Called Strike
0-1: Ball
1-1: Swinging Strike
1-2: Hit by Pitch
Dave Gray to second
Batting: LHB Edwin Ryan 0-0: Called Strike
0-1: Foul Ball, location: 2F
0-2: Strikes out swinging
Batting: RHB Nobuharu Hoshino 0-0: Ground out 3-1 (Groundball, 34)
Bottom of the 3rd over - 0 run(s), 1 hit(s), 0 error(s), 2 left on base; Seattle 2 - Eau Claire 4
TOP OF THE 4TH
Seattle Rainiers batting - Pitching for Eau Claire Esquires : RHP Nick Parks
Batting: RHB Chris Parker 0-0: Ground out 6-3 (Groundball, 6)
Batting: LHB Norbert Mosley 0-0: Called Strike
0-1: Called Strike
0-2: Ball
1-2: Ball
2-2: Strikes out looking
Batting: RHB José Gómez 0-0: Ball
1-0: Ball
2-0: Called Strike
2-1: Ball
3-1: Base on Balls
Batting: SHB Francisco Lópes 0-0: Ball
1-0: SINGLE (Groundball, 34D)
José Gómez to second
Runner from 2nd tries for 3rd, OUT!
Top of the 4th over - 0 run(s), 1 hit(s), 0 error(s), 1 left on base; Seattle 2 - Eau Claire 4
BOTTOM OF THE 4TH
Eau Claire Esquires batting - Pitching for Seattle Rainiers : RHP Jaime Espinoza
Batting: LHB Alfredo González 0-0: Ball
1-0: Called Strike
1-1: DOUBLE (Line Drive, 7LS)
Batting: RHB Seiji Kouno 0-0: Ball
1-0: Ground out 4-3 (Groundball, 4)
Alfredo González to third
Batting: RHB Tony Quinn 0-0: Fly out, F9 (Flyball, 9M)
Runner from 3rd tags up, SCORES, no throw
Batting: RHB Carlos Rea 0-0: Ball
1-0: Called Strike
1-1: Foul Ball, location: 2F
1-2: Ground out 4-3 (Groundball, 4M)
Bottom of the 4th over - 1 run(s), 1 hit(s), 0 error(s), 0 left on base; Seattle 2 - Eau Claire 5
TOP OF THE 5TH
Seattle Rainiers batting - Pitching for Eau Claire Esquires : RHP Nick Parks
Batting: RHB Bill Dawson 0-0: Ball
1-0: SINGLE (Line Drive, 89S)
Batting: RHB Aaron Holt 0-0: Called Strike
0-1: Ball
1-1: Ball
2-1: Called Strike
2-2: Ball
3-2: SINGLE (Line Drive, 89S)
Bill Dawson to second
Bill Dawson to third
Batting: RHB Pedro Rodríguez 0-0: Ball
1-0: Foul Ball, location: 2F
1-1: Ball
2-1: Fly out, F9 (Flyball, 89M)
Batting: LHB Brian Boone 0-0: Ball
Aaron Holt is caught stealing 2nd base
1-0: Ball
2-0: Fly out, F8 (Flyball, 8LM)
Top of the 5th over - 0 run(s), 2 hit(s), 0 error(s), 1 left on base; Seattle 2 - Eau Claire 5
BOTTOM OF THE 5TH
Eau Claire Esquires batting - Pitching for Seattle Rainiers : RHP Jaime Espinoza
Batting: LHB Dave Gray 0-0: Foul Ball, location: 2F
0-1: Ball
1-1: Ground out 1-3 (Groundball, 15S)
Batting: LHB Eric Peterson 0-0: Foul Ball, location: 2F
0-1: Ball
1-1: Ground out 1-3 (Groundball, 25)
Batting: RHB Miguel Hernández 0-0: Swinging Strike
0-1: Ball
1-1: Swinging Strike
1-2: Ball
2-2: Ball
3-2: Ground out 5-3 (Groundball, 56)
Bottom of the 5th over - 0 run(s), 0 hit(s), 0 error(s), 0 left on base; Seattle 2 - Eau Claire 5
TOP OF THE 6TH
Seattle Rainiers batting - Pitching for Eau Claire Esquires : RHP Nick Parks
Batting: SHB Glenn Vadnais 0-0: Ball
1-0: Ball
2-0: Foul Ball, location: 2F
2-1: Called Strike
2-2: Strikes out looking
Batting: RHB Chris Parker 0-0: Called Strike
0-1: Called Strike
0-2: Hit by Pitch
Pitching: RHP Jeff Lawson
Batting: LHB Norbert Mosley 0-0: Ball
1-0: Swinging Strike
1-1: Ball
Chris Parker steals 2nd base
2-1: Ground out 1-3 (Groundball, 15)
Batting: RHB José Gómez 0-0: Ball
1-0: SINGLE (Groundball, 6M)
Chris Parker to third
Runner from 3rd tries for Home, SAFE, no throw or cutoff
Batting: SHB Francisco Lópes 0-0: Ball
1-0: Called Strike
1-1: Called Strike
1-2: Strikes out swinging
Top of the 6th over - 1 run(s), 1 hit(s), 0 error(s), 1 left on base; Seattle 3 - Eau Claire 5
BOTTOM OF THE 6TH
Eau Claire Esquires batting - Pitching for Seattle Rainiers : RHP Jaime Espinoza
Batting: LHB Edwin Ryan 0-0: Foul Ball, location: 2F
0-1: Ball
1-1: Swinging Strike
1-2: SINGLE (Groundball, 3D)
Batting: RHB Nobuharu Hoshino 0-0: Ball
1-0: Grounds into double play, 1-4-3 (Groundball, 15)
Batting: LHB Alfredo González 0-0: Ground out U3 (Groundball, 3)
Bottom of the 6th over - 0 run(s), 1 hit(s), 0 error(s), 0 left on base; Seattle 3 - Eau Claire 5
TOP OF THE 7TH
Seattle Rainiers batting - Pitching for Eau Claire Esquires : RHP Jeff Lawson
Batting: RHB Bill Dawson 0-0: Ball
1-0: Swinging Strike
1-1: Foul Ball, location: 2F
1-2: Ball
2-2: Strikes out swinging
Batting: RHB Aaron Holt 0-0: Ball
1-0: Swinging Strike
1-1: Called Strike
1-2: Ball
2-2: Strikes out swinging
Batting: RHB Pedro Rodríguez 0-0: Ball
1-0: Foul Ball, location: 2F
1-1: Foul Ball, location: 2F
1-2: SINGLE (Groundball, 34D)
Batting: LHB Brian Boone 0-0: Ball
1-0: Swinging Strike
1-1: Ball
2-1: Foul Ball, location: 2F
2-2: Ball
3-2: Strikes out swinging
Top of the 7th over - 0 run(s), 1 hit(s), 0 error(s), 1 left on base; Seattle 3 - Eau Claire 5
BOTTOM OF THE 7TH
Eau Claire Esquires batting - Pitching for Seattle Rainiers : RHP Jaime Espinoza
Batting: RHB Seiji Kouno 0-0: Ball
1-0: Ball
2-0: Ground out 4-3 (Groundball, 4)
Batting: RHB Tony Quinn 0-0: Foul Ball, location: 2F
0-1: Foul Ball, location: 2F
0-2: Ball
1-2: Foul Ball, location: 2F
1-2: Foul Ball, location: 2F
1-2: Ball
2-2: Foul Ball, location: 2F
2-2: Ball
3-2: Ground out 4-3 (Groundball, 4)
Batting: RHB Carlos Rea 0-0: Ball
1-0: Called Strike
1-1: Called Strike
1-2: Ground out 3-1 (Groundball, 34S)
Bottom of the 7th over - 0 run(s), 0 hit(s), 0 error(s), 0 left on base; Seattle 3 - Eau Claire 5
TOP OF THE 8TH
Seattle Rainiers batting - Pitching for Eau Claire Esquires : RHP Jeff Lawson
Batting: SHB Glenn Vadnais 0-0: Foul Ball, location: 2F
0-1: Fly out, F7 (Flyball, 7D)
Pitching: RHP Jason Elliott
Batting: RHB Chris Parker 0-0: Called Strike
0-1: Called Strike
0-2: Ball
1-2: Fly out, F4 (Popup, 4M)
Batting: LHB Norbert Mosley 0-0: Ground out 4-3 (Groundball, 4)
Top of the 8th over - 0 run(s), 0 hit(s), 0 error(s), 0 left on base; Seattle 3 - Eau Claire 5
BOTTOM OF THE 8TH
Eau Claire Esquires batting - Pitching for Seattle Rainiers : RHP Jaime Espinoza
Pitching: RHP Júlio Quintana
Batting: LHB Dave Gray 0-0: Ball
1-0: Ball
2-0: Ball
3-0: Base on Balls
Batting: LHB Eric Peterson 0-0: Ball
1-0: Ball
2-0: Ball
3-0: Foul Ball, location: 2F
3-1: Base on Balls
Dave Gray to second
Batting: RHB Miguel Hernández 0-0: Fly out, F8 (Flyball, 8LXD)
Runner from 2nd tags up, SAFE at 3rd, no throw
Batting: LHB Edwin Ryan 0-0: Called Strike
0-1: Foul Ball, location: 2F
0-2: Hit by Pitch
Eric Peterson to second
Pinch Hitting: LHB Michael Cook 0-0: SINGLE (Groundball, 3D)
Dave Gray scores
Eric Peterson to third
Edwin Ryan to second
Batting: LHB Alfredo González 0-0: Called Strike
0-1: Foul Ball, location: 2F
0-2: Ball
1-2: Strikes out swinging
Batting: RHB Seiji Kouno 0-0: Ball
Wild Pitch!
Eric Peterson scores
Edwin Ryan to third
Michael Cook to second
1-0: Ball
2-0: SINGLE (Groundball, 56D)
Edwin Ryan scores
Michael Cook to third
Runner from 3rd tries for Home, SAFE, no throw or cutoff
Pitching: RHP César Rodríguez
Batting: RHB Tony Quinn 0-0: Ball
1-0: Ball
2-0: Ball
3-0: Called Strike
3-1: Base on Balls
Seiji Kouno to second
Batting: RHB Carlos Rea 0-0: Swinging Strike
0-1: Foul Ball, location: 2F
0-2: Strikes out swinging
Bottom of the 8th over - 4 run(s), 2 hit(s), 0 error(s), 2 left on base; Seattle 3 - Eau Claire 9
TOP OF THE 9TH
Seattle Rainiers batting - Pitching for Eau Claire Esquires : RHP Jason Elliott
Now at 1B: Michael Cook
Batting: RHB José Gómez 0-0: Fly out, F1 (Popup, 15S)
Batting: SHB Francisco Lópes 0-0: Ball
1-0: Ball
2-0: Ball
3-0: Called Strike
3-1: Swinging Strike
3-2: Strikes out swinging
Batting: RHB Bill Dawson 0-0: SINGLE (Groundball, 6MD)
Batting: RHB Aaron Holt 0-0: Fly out, F3 (Popup, 3F)
Top of the 9th over - 0 run(s), 1 hit(s), 0 error(s), 1 left on base; Seattle 3 - Eau Claire 9
This league is powered by Out of the Park Baseball, the baseball management simulation game for PC, Mac and Linux
Wednesday, December 2nd, 2015 - OOTP Baseball 16.8 Build 38